Map: Catalyst LE

Players

Barbacoa

  • Race: Terran Terran
  • League: Silver
  • Spawn Location: 5:00

Infamous - Winner!

  • Race: Protoss Protoss
  • League: Silver
  • Spawn Location: 11:00

VOD

Have the link to the VOD?

Description

Time

  • Played on: March 29, 2018, 2:17 p.m.
  • Length: 8:34
Show
View Real Time Build Order
Export as new Build Order

Barbacoa Terran 

Build Orders:  

Get SALT Encoding   

  12  0:01  SCV  
  13  0:13  SCV  
  14  0:18  Supply Depot  
  14  0:25  SCV  
  15  0:30  Refinery  
  15  0:40  SCV  
  16  0:46  Barracks  
  16  0:52  SCV  
  17  1:04  SCV  
  17  1:11  Refinery  
  18  1:16  SCV  
  19  1:28  SCV  
  20  1:37  Barracks Reactor  
  20  1:48  Factory  
  20  1:56  Orbital Command  
  20  2:15  Command Center  
  20  2:20  Reaper  
  20  2:21  Reaper  
  22  3:14  Supply Depot  
  22  3:17  Barracks Reactor  
  22  3:19  Barracks Tech Lab  
  22  3:26  Cyclone x2  
  28  3:36  Supply Depot  
  26  4:14  Starport  
  26  4:15  Orbital Command  
  26  4:21  SCV  
  27  4:27  Cyclone x2  
  33  4:33  SCV  
  34  4:45  SCV  
  35  4:58  SCV  
  35  4:59  Cyclone x2  
  42  5:03  Factory  
  42  5:07  Starport Reactor  
  42  5:10  SCV  
  42  5:12  Supply Depot  
  43  5:19  Engineering Bay  
  43  5:34  Supply Depot  
  43  5:43  Widow Mine x2  
  43  5:46  Armory  
  47  5:59  Factory Tech Lab  
  47  6:06  SCV x2, Refinery  
  47  6:08  Refinery  
  49  6:18  SCV  
  49  6:19  SCV  
  51  6:26  Missile Turret  
  51  6:30  Supply Depot  
  51  6:31  SCV x2  
  51  6:32  Cyclone x2  
  59  6:43  SCV x2  
  61  6:52  Supply Depot  
  61  6:55  SCV x2  
  50  7:23  Supply Depot  
  50  7:27  Cyclone x2  
  56  7:33  Siege Tank  
  59  7:45  Supply Depot  
  59  7:59  Widow Mine x2  
Show
View Real Time Build Order
Export as new Build Order

Infamous Protoss - Winner!

Build Orders: 1 Gate Expand 

Get SALT Encoding   

  12  0:01  Probe  
  13  0:13  Probe  
  14  0:21  Pylon  
  14  0:25  Probe (Chrono Boost)  
  15  0:37  Assimilator  
  15  0:41  Probe (Chrono Boost)  
  16  0:46  Gateway  
  16  0:48  Probe (Chrono Boost)  
  17  0:59  Probe (Chrono Boost)  
  19  1:12  Probe (Chrono Boost)  
  19  1:18  Probe (Chrono Boost)  
  20  1:34  Nexus  
  20  1:35  Probe  
  21  1:43  Pylon  
  21  1:49  Probe  
  21  1:52  Assimilator  
  22  2:02  Cybernetics Core  
  21  2:18  Gateway  
  21  2:22  Pylon  
  21  2:26  Probe  
  22  2:30  Assimilator  
  22  2:33  Warp Gate (Chrono Boost)  
  22  2:42  Zealot  
  24  2:47  Probe (Chrono Boost)  
  24  2:48  Probe (Chrono Boost)  
  26  2:57  Probe (Chrono Boost)  
  28  3:00  Probe (Chrono Boost)  
  28  3:01  Robotics Facility  
  29  3:07  Probe (Chrono Boost)  
  29  3:08  Probe (Chrono Boost)  
  30  3:15  Stalker  
  30  3:18  Probe (Chrono Boost)  
  33  3:20  Adept  
  35  3:36  Probe x2  
  34  3:54  Probe x2  
  36  3:57  Observer  
  36  3:59  Forge  
  37  4:06  Probe  
  38  4:17  Probe  
  39  4:18  Probe  
  39  4:21  Pylon  
  40  4:27  Pylon  
  40  4:29  Probe  
  41  4:35  Shield Battery  
  41  4:37  Photon Cannon  
  41  4:40  Probe  
  41  4:41  Probe, Pylon  
  41  4:43  Stalker  
  41  4:44  Stalker  
  47  4:52  Probe  
  48  4:57  Probe  
  49  5:04  Probe, Immortal  
  54  5:12  Zealot  
  54  5:13  Stalker  
  58  5:26  Gateway x2  
  58  5:28  Probe  
  58  5:31  Gateway  
  58  5:33  Sentry  
  61  5:40  Probe  
  62  5:45  Protoss Ground Armor Level 1 (Chrono Boost)  
  62  5:46  Immortal  
  62  5:49  Gateway  
  66  5:51  Gateway  
  66  5:53  Probe  
  67  6:00  Pylon  
  67  6:07  Shield Battery  
  67  6:08  Pylon  
  67  6:10  Photon Cannon  
  67  6:14  Stalker  
  67  6:15  Zealot  
  71  6:24  Immortal (Chrono Boost)  
  67  6:32  Zealot  
  73  6:33  Stalker  
  73  6:34  Sentry  
  77  6:52  Zealot  
  77  6:53  Zealot x3  
  73  7:13  Stalker  
  73  7:14  Zealot x2  
  73  7:15  Zealot x3  
  85  7:39  Assimilator  
  85  7:42  Assimilator  
  85  7:46  Zealot  
  85  7:47  Zealot x3  
  85  7:49  Robotics Bay  
  93  8:11  Nexus  
  93  8:13  Pylon  
  93  8:15  Pylon  
  93  8:16  Twilight Council  
  93  8:17  Pylon  
  91  8:23  Zealot x2  
Tags
 
Add a new tag
Caveats
  • Supply blocks, unpowered buildings, or Contaminate may cause inaccurate times.
  • Supply counts are checked every 10 seconds.